 Dungeon Crawl Stone Soup version 0.22-a0-414-gacd343e (webtiles) character file.

19497 wazuzu the Ogre Mage (level 12, -12/130 HPs)
             Began as an Ogre Fire Elementalist on May 13, 2018.
             Was a High Priest of Sif Muna.
             Mangled by a five-headed hydra (16 damage)
             ... on level 2 of the Lair of Beasts.
             The game lasted 00:47:35 (15768 turns).

wazuzu the Ogre Mage (Ogre Fire Elementalist)      Turns: 15768, Time: 00:47:35

Health: -12/130    AC:  7    Str: 15    XL:     12   Next: 69%
Magic:  34/40      EV: 27    Int: 20    God:    Sif Muna [*****.]
Gold:   717        SH:  0    Dex:  9    Spells: 26/41 levels left

rFire    . . .     SeeInvis .   t - +5 quarterstaff (chaos)
rCold    + . .     Gourm    .   (shield currently unavailable)
rNeg     . . .     Faith    .   K - +2 robe {rC+}
rPois    .         Spirit   .   (helmet restricted)
rElec    .         Reflect  .   u - +1 cloak
rCorr    .         Harm     .   (gloves unavailable)
MR       +....                  (boots unavailable)
Stlth    +.........             n - amulet of the acrobat
HPRegen  0.31/turn              j - +2 ring of evasion
MPRegen  0.27/turn              J - ring of magical power

@: divine energy
A: large, unfitting armour, tough skin 1
a: Stop Divine Energy, Channel Magic, Forget Spell, Renounce Religion


You were on level 2 of the Lair of Beasts.
You worshipped Sif Muna.
Sif Muna was extremely pleased with you.
You were not hungry.

You visited 3 branches of the dungeon, and saw 14 of its levels.
You also visited: Sewer.

You collected 717 gold pieces.

Inventory:

Hand Weapons
 t - a +5 quarterstaff of chaos (weapon)
Missiles
 a - 3 throwing nets (quivered)
Armour
 u - a +1 cloak (worn)
 K - a +2 robe of cold resistance (worn)
Jewellery
 j - a +2 ring of evasion (left hand)
 n - an amulet of the acrobat (around neck)
 J - a ring of magical power (right hand)
Wands
 b - a wand of paralysis (19)
 g - a wand of scattershot (8)
 y - a wand of clouds (3)
 D - a wand of flame (23)
 E - a wand of digging (10)
 F - a wand of enslavement (18)
 G - a wand of iceblast (4)
 I - a wand of acid (9)
Scrolls
 e - 3 scrolls of amnesia
 l - 6 scrolls of remove curse
 m - 2 scrolls of fear
 p - 5 scrolls of enchant weapon
 s - 4 scrolls of teleportation
 x - 3 scrolls of blinking
 z - 6 scrolls of identify
 C - 3 scrolls of fog
 L - a scroll of summoning {unknown}
 M - a scroll of enchant armour
Potions
 f - a potion of resistance {unknown}
 h - 3 potions of agility
 i - 2 potions of might {unknown}
 k - 3 potions of lignification {unknown}
 o - 5 potions of curing {unknown}
 q - 7 potions of flight
 r - 2 potions of brilliance {unknown}
 v - 2 potions of ambrosia {unknown}
 w - a potion of invisibility {unknown}
 A - 2 potions of degeneration {unknown}
 B - 2 potions of haste {unknown}
Miscellaneous
 d - a phantom mirror
 N - a lightning rod (4/4)
Comestibles
 c - 29 rations
 H - 4 chunks of flesh


   Skills:
 + Level 11.1 Fighting
 - Level 1.7 Dodging
 - Level 1.4 Stealth
 * Level 15.3 Spellcasting
 - Level 8.0 Conjurations
 - Level 8.0 Fire Magic


You had 26 spell levels left.
You knew the following spells:

 Your Spells              Type           Power        Failure   Level  Hunger
a - Flame Tongue          Conj/Fire      #####        1%          1    None
b - Conjure Flame         Conj/Fire      #####...     1%          3    None
c - Sticky Flame          Conj/Fire      #####...     1%          4    None
d - Fireball              Conj/Fire      #####.....   4%          5    ###....
p - Apportation           Tloc           ###...       4%          1    None
s - Animate Skeleton      Necr           N/A          4%          1    None

Your spell library contained the following spells:

 Spells                   Type           Power        Failure   Level  Hunger
 Confuse                  Hex            ###.....     12%         3    None
 Throw Flame              Conj/Fire      #####.       1%          2    None
 Throw Frost              Conj/Ice       ####..       1%          2    None
 Freezing Cloud           Conj/Ice/Air   ####......   90%         6    #####..
 Mephitic Cloud           Conj/Pois/Air  ####....     4%          3    None
 Ring of Flames           Chrm/Fire      ####......   100%        7    ######.
 Summon Small Mammal      Summ           ###.         4%          1    None
 Freeze                   Ice            ###.         4%          1    None
 Summon Ice Beast         Ice/Summ       ###.....     38%         4    None
 Ozocubu's Armour         Chrm/Ice       ###.....     12%         3    None
 Tukima's Dance           Hex            ###.....     12%         3    None
 Spider Form              Tmut/Pois      ###.......   12%         3    None
 Blade Hands              Tmut           ###.......   75%         5    ###....
 Ice Form                 Ice/Tmut       ###.....     38%         4    None
 Throw Icicle             Conj/Ice       ####....     8%          4    None
 Confusing Touch          Hex            ###...       4%          1    None
 Sticks to Snakes         Tmut           ###.....     6%          2    None
 Ensorcelled Hibernation  Hex/Ice        ###...       6%          2    None
 Metabolic Englaciation   Hex/Ice        ###.......   75%         5    ###....
 Corona                   Hex            ###....      4%          1    None
 Petrify                  Tmut/Erth      ###.....     38%         4    None
 Inner Flame              Hex/Fire       ####....     2%          3    None
 Beastly Appendage        Tmut           ###...       4%          1    None
 Dazzling Spray           Conj/Hex       ####..       2%          3    None
 Gell's Gravitas          Tloc           ###.......   12%         3    None
 Yara's Violent Unravell  Hex/Tmut       ###.......   75%         5    ###....
 Poisonous Vapours        Pois/Air       ###...       6%          2    None


Dungeon Overview and Level Annotations

Branches:
Dungeon (11/15)            Temple (1/1) D:5            Lair (2/6) D:8
    Orc (0/2) D:10
  Swamp: Lair:2-4    Shoals: Lair:2-4     Snake: Lair:2-4    Spider: Lair:2-4

Altars:
Ashenzari
Cheibriados
Dithmenos
Elyvilon
Fedhas
Gozag
Hepliaklqana
Kikubaaqudgha
Makhleb
Nemelex Xobeh
Okawaru
Qazlal
Ru
Sif Muna
Trog
Uskayaw
Vehumet
Wu Jian
Xom
Yredelemnul
Zin
The Shining One

Shops:
D:6 [   D:9 }   D:10 [((


Innate Abilities, Weirdness & Mutations

You are too large for most types of armour.
You have tough skin. (AC +1)


Message History

The five-headed hydra barely misses you.
The five-headed hydra bites you!
* * * LOW HITPOINT WARNING * * *
The five-headed hydra closely misses you.
The five-headed hydra is engulfed in blazing flames.
The five-headed hydra closely misses you.
The five-headed hydra bites you!
* * * LOW HITPOINT WARNING * * *
The five-headed hydra bites you.
* * * LOW HITPOINT WARNING * * *
The five-headed hydra bites you but does no damage.
The five-headed hydra bites you!
* * * LOW HITPOINT WARNING * * *
A water moccasin comes into view.
The five-headed hydra burns!
The five-headed hydra stops burning.
The five-headed hydra is engulfed in blazing flames.
The five-headed hydra bites you!
* * * LOW HITPOINT WARNING * * *
The five-headed hydra bites you!
You die...

######## ##.#.#..## .
## #........### ..##.
##........#.# (.....
#..........## ......#
##.........#
......ยง###.........##
....S+D...........P#
.....)P.@.(........##
.......##.+........#
..#+### ###........#
#P.P.....##
##......###
##.........#
..........##
...........#
.##.......###


You could see a five-headed hydra (berserk) and a water moccasin.

Vanquished Creatures
  2 hydras (Lair:1)
  The ghost of Tiareth the Ogre Mage, a novice OgFE of Vehumet (D:9)
  Erica (D:10)
  2 two-headed ogres
  An unseen horror (D:11)
  An ugly thing (D:11)
  3 cyclopes (D:11)
  A manticore (D:11)
  Psyche (D:9)
  The ghost of pyroka the Shield-Bearer, a novice MiFi (D:4)
  2 spiny frogs (Lair:1)
  4 blink frogs (Lair:1)
  A meliai zombie (D:11)
  3 hippogriffs
  18 yaks
  2 wyverns
  3 basilisks (D:8)
  Menkaure (D:7)
  Edmund (D:5)
  5 swamp worms (Lair:1)
  2 water moccasins (Lair:1)
  3 porcupines (D:8)
  Duvessa (D:7)
  5 ice beasts
  5 orc warriors
  A sky beast (D:9)
  A necrophage (D:8)
  2 phantoms
  4 ogres
  8 centaurs
  3 crocodiles
  4 big kobolds
  Blork the orc (D:5)
  8 bullfrogs
  Dowan (D:7)
  3 scorpions
  A wyvern skeleton (D:10)
  3 wights (D:11)
  4 killer bees (D:11)
  2 howler monkeys (D:6)
  3 crimson imps
  4 orc priests (D:10)
  2 bullfrog zombies
  2 quasits
  A centaur skeleton (D:4)
  4 jellies
  7 orc wizards
  Crazy Yiuf (D:2)
  4 bullfrog skeletons
  3 hounds
  2 iguanas
  5 worker ants
  4 big kobold zombies (Sewer)
  2 hound skeletons
  A howler monkey zombie (D:4)
  3 worker ant zombies
  A howler monkey skeleton (D:7)
  17 adders
  3 gnolls (D:2)
  A river rat (D:3)
  5 shadow imps
  5 oozes
  An adder zombie (D:5)
  An adder skeleton (D:4)
  4 worms
  3 dart slugs
  6 leopard geckos
  43 orcs
  3 ball pythons
  8 giant cockroaches
  7 goblins
  9 hobgoblins
  12 jackals
  29 kobolds
  6 quokkas
  12 bats
  7 frilled lizards
  A jackal skeleton (D:7)
  2 kobold zombies (Sewer)
  A leopard gecko skeleton (D:4)
  A quokka skeleton (D:4)
  17 rats
369 creatures vanquished.

Vanquished Creatures (others)
  Grinder (Sewer)
  6 fungi (D:8)
  12 plants
19 creatures vanquished.

Grand Total: 388 creatures vanquished

Notes
Turn   | Place    | Note
-------+----------+-------------------------------------------
     0 | D:1      | wazuzu the Ogre Fire Elementalist began the quest for the Orb.
     0 | D:1      | Reached XP level 1. HP: 16/16 MP: 3/3
    84 | D:1      | Reached skill level 1 in Conjurations
   246 | D:1      | Reached XP level 2. HP: 18/24 MP: 0/5
   682 | D:1      | Reached XP level 3. HP: 28/31 MP: 0/7
  1138 | D:2      | Reached skill level 3 in Spellcasting
  1379 | D:2      | Reached XP level 4. HP: 39/39 MP: 4/8
  1500 | D:2      | Found a runed door.
  2269 | D:2      | Noticed Crazy Yiuf
  2276 | D:2      | Killed Crazy Yiuf
  2276 | D:2      | Reached XP level 5. HP: 45/45 MP: 4/10
  2657 | D:3      | Found a glowing drain.
  2667 | Sewer    | Entered a sewer
  2916 | Sewer    | Reached XP level 6. HP: 50/53 MP: 5/11
  2933 | Sewer    | Reached skill level 4 in Spellcasting
  3368 | Sewer    | Found a burning altar of Makhleb.
  3490 | Sewer    | Noticed Grinder
  3505 | Sewer    | Killed Grinder
  3505 | Sewer    | Reached XP level 7. HP: 46/59 MP: 9/14
  3541 | Sewer    | Reached skill level 5 in Conjurations
  3679 | Sewer    | Reached skill level 5 in Spellcasting
  4899 | D:4      | Reached XP level 8. HP: 64/67 MP: 8/16
  5091 | D:4      | Noticed pyroka's ghost (novice MiFi)
  5106 | D:3      | Learned a level 3 spell: Conjure Flame
  5111 | D:3      | Learned a level 4 spell: Sticky Flame
  5123 | D:4      | Killed pyroka's ghost
  5123 | D:4      | Reached skill level 6 in Spellcasting
  5123 | D:4      | Reached skill level 5 in Fire Magic
  5505 | D:5      | Entered Level 5 of the Dungeon
  5505 | D:5      | Noticed Edmund
  5517 | D:5      | Killed Edmund
  5745 | D:5      | Found a staircase to the Ecumenical Temple.
  5754 | Temple   | Entered the Ecumenical Temple
  6070 | D:5      | Reached XP level 9. HP: 57/74 MP: 4/19
  6178 | D:5      | Noticed Blork the orc
  6183 | D:5      | Killed Blork the orc
  6183 | D:5      | Reached skill level 7 in Spellcasting
  6366 | D:5      | Found a deep blue altar of Sif Muna.
  6371 | D:5      | Became a worshipper of Sif Muna the Loreminder
  6504 | D:5      | HP: 1/74 [yak (12)]
  6512 | D:5      | Reached * piety under Sif Muna
  6512 | D:5      | Reached skill level 8 in Spellcasting
  7297 | D:6      | Found Axilinte's Armour Shop.
  7881 | D:7      | Reached XP level 10. HP: 80/81 MP: 2/22
  8088 | D:7      | Reached ** piety under Sif Muna
  8216 | D:7      | Noticed Menkaure
  8219 | D:7      | Killed Menkaure
  8250 | D:7      | Noticed Duvessa
  8256 | D:7      | Noticed Dowan
  8275 | D:7      | Killed Duvessa
  8288 | D:7      | Killed Dowan
  8288 | D:7      | Reached skill level 9 in Spellcasting
  8755 | D:8      | Noticed a two-headed ogre
  8768 | D:8      | Killed a two-headed ogre
  9195 | D:8      | Reached skill level 10 in Spellcasting
  9402 | D:8      | Reached *** piety under Sif Muna
  9744 | D:8      | Found a staircase to the Lair.
  9820 | D:8      | Reached skill level 11 in Spellcasting
  9954 | D:8      | Reached skill level 5 in Fighting
 10551 | D:8      | Reached XP level 11. HP: 104/104 MP: 22/26
 10613 | D:9      | Noticed Tiareth's ghost (novice OgFE)
 10631 | D:9      | Killed Tiareth's ghost
 10905 | D:9      | Noticed Psyche
 10914 | D:9      | Killed Psyche
 10914 | D:9      | Reached skill level 12 in Spellcasting
 11142 | D:9      | Found Liykop's Gadget Boutique.
 11374 | D:10     | Entered Level 10 of the Dungeon
 11529 | D:10     | Found Jaupt's Antique Weapon Shop.
 11732 | D:10     | Reached **** piety under Sif Muna
 12028 | D:10     | Learned a level 5 spell: Fireball
 12055 | D:10     | Found a staircase to the Orcish Mines.
 12117 | D:10     | Found Duofrip's Weapon Boutique.
 12117 | D:10     | Found Miakk's Weapon Shop.
 12121 | D:10     | Noticed Erica
 12133 | D:10     | Killed Erica
 12133 | D:10     | Reached skill level 13 in Spellcasting
 12577 | D:10     | Found Xifel's Antique Armour Emporium.
 13422 | D:11     | Noticed a cyclops
 13444 | D:11     | Killed a cyclops
 13703 | D:11     | Noticed a two-headed ogre
 13718 | D:11     | Killed a two-headed ogre
 13718 | D:11     | Reached XP level 12. HP: 20/123 MP: 25/29
 14156 | D:11     | Reached skill level 14 in Spellcasting
 14505 | D:11     | Reached skill level 10 in Fighting
 14510 | D:11     | Reached ***** piety under Sif Muna
 14611 | Lair:1   | Entered Level 1 of the Lair of Beasts
 14818 | Lair:1   | Noticed a five-headed hydra
 14843 | Lair:1   | Killed a five-headed hydra
 14896 | Lair:1   | Received a gift from Sif Muna
 15256 | Lair:1   | Reached skill level 15 in Spellcasting
 15377 | Lair:1   | Noticed a six-headed hydra
 15387 | Lair:1   | Killed a six-headed hydra
 15635 | Lair:1   | Learned a level 1 spell: Animate Skeleton
 15637 | Lair:1   | Learned a level 1 spell: Apportation
 15763 | Lair:2   | Noticed a five-headed hydra
 15768 | Lair:2   | HP: 4/130 [five-headed hydra (8)]
 15768 | Lair:2   | Mangled by a five-headed hydra

Vault maps used:
D:1:      dpeg_arrival_pond, serial_park_tiny_1
D:2:      uniq_crazy_yiuf_cottage
D:3:      first_ration, portal_sewer_entry_b
D:5:      lemuel_ice_spiral_2, lemuel_doored_altar, lemuel_temple_firewalk_b,
          serial_corexii_hall, corexii_hall_statues_x, corexii_hall_statues_s,
          corexii_hall_statues_i, nrook_mini_backslash,
          minmay_misc_feat_nine_boxes, uniq_blork_the_orc, uniq_edmund,
          uniq_grinder
D:6:      serial_shops, nicolae_shop_trees
D:7:      uniq_menkaure, uniq_duvessa
D:8:      minmay_lair_entry_grove, kennysheep_generic_room_13
D:9:      serial_shops, shop, grunt_ogre_cave, uniq_psyche
D:10:     erik_orc_4, serial_shops, kennysheep_little_box, shop, shop, shop,
          library_closet, uniq_erica
D:11:     nooodl_food_tri
Temple:   dpeg_three_leaves_temple
Lair:1:   worms_lemuel
Lair:2:   elwin_shoals_entry_rocks, serial_bayou_pond_d,
          cheibrodos_lair_caveside_slide, st_stairs_8, minivault_24,
          serial_bayou_pond_e, uniq_sonja
Sewer:    kennysheep_sewer_church

Skill      XL: |  1  2  3  4  5  6  7  8  9 10 11 12 |
---------------+-------------------------------------+-----
Conjurations   | 1 2 3 4 5 6 8 |  8.0
Fire Magic     | 3 4 6 7 8 |  8.0
Spellcasting   | 3 4 5 6 8 11 13 15 | 15.3
Fighting       | 5 9 11 | 11.1
Dodging        | |  1.7
Stealth        | |  1.4

Action                   |  1- 3 |  4- 6 |  7- 9 | 10-12 || total
-------------------------+-------+-------+-------+-------++-------
Melee: Unarmed           |     8 |       |       |       ||     8
       Dagger            |    15 |     5 |       |       ||    20
       Short sword       |       |     1 |       |       ||     1
       Quarterstaff      |       |    30 |    24 |   120 ||   174
 Cast: Flame Tongue      |    64 |   143 |   248 |   410 ||   865
       Sticky Flame      |       |       |    16 |    52 ||    68
       Conjure Flame     |       |       |     1 |    13 ||    14
       Fireball          |       |       |       |    17 ||    17
Invok: Divine Energy     |       |       |     1 |       ||     1
  Use: Scroll            |       |     9 |     3 |     3 ||    15
       Potion            |       |     2 |     2 |     2 ||     6
 Stab: Sleeping          |     1 |     1 |       |       ||     2
  Eat: Chunk             |     1 |     6 |    13 |    21 ||    41
       Ration            |       |       |     1 |     2 ||     3
Armor: Robe              |    16 |    44 |    61 |    87 ||   208
Dodge: Dodged            |    28 |    56 |   120 |   204 ||   408

Table legend:
 A = Spawn XP
 B = Non-spawn XP
 C = Spawn XP percentage of total XP
 D = Spawn monster count
 E = Non-spawn monster count
 F = Spawn count percentage of total count
 G = Total turns spent on level
                    A         B        C        D         E        F      G
               +---------+---------+-------+---------+---------+-------+---------
         Total |       0 |   27853 |   0.0 |       0 |     370 |   0.0 | 15768
               +---------+---------+-------+---------+---------+-------+---------
           D:1 |       0 |      47 |   0.0 |       0 |      29 |   0.0 |  1121
           D:2 |       0 |     141 |   0.0 |       0 |      29 |   0.0 |  1242
           D:3 |       0 |     247 |   0.0 |       0 |      36 |   0.0 |  1064
           D:4 |       0 |     679 |   0.0 |       0 |      20 |   0.0 |   871
           D:5 |       0 |    2016 |   0.0 |       0 |      23 |   0.0 |  1411
           D:6 |       0 |     671 |   0.0 |       0 |      16 |   0.0 |   854
           D:7 |       0 |     926 |   0.0 |       0 |      27 |   0.0 |   744
           D:8 |       0 |    3878 |   0.0 |       0 |      33 |   0.0 |  2004
           D:9 |       0 |    3382 |   0.0 |       0 |      18 |   0.0 |   820
          D:10 |       0 |    2943 |   0.0 |       0 |      47 |   0.0 |  1313
          D:11 |       0 |    6305 |   0.0 |       0 |      33 |   0.0 |  1879
        Lair:1 |       0 |    5831 |   0.0 |       0 |      20 |   0.0 |  1058
        Lair:2 |       0 |      88 |   0.0 |       0 |       1 |   0.0 |    99
         Sewer |       0 |     699 |   0.0 |       0 |      38 |   0.0 |  1207
               +---------+---------+-------+---------+---------+-------+---------
